TOP OF THE 1ST |
Eugene Emeralds batting - Pitching for Tucson Toros : RHP Rex Jackson
|
Pitching: RHP Rex Jackson
|
|
Batting: LHB James Peters
|
0-0: Ball 1-0: Ball 2-0: Ball 3-0: Foul Ball, location: 2F 3-1: Called Strike 3-2: Base on Balls
|
Batting: LHB Randy Bush
|
0-0: Ball 1-0: 2-RUN HOME RUN (Flyball, 9D, EV 94.4 MPH), Distance : 392 ft
|
Batting: LHB Ty Gainey
|
0-0: Foul Ball, location: 2F 0-1: Called Strike 0-2: Strikes out swinging
|
Batting: LHB Dave Revering
|
0-0: Foul Ball, location: 2F 0-1: Ball 1-1: Foul Ball, location: 2F 1-2: Ball 2-2: Strikes out swinging
|
Batting: RHB Tim Wallach
|
0-0: Called Strike 0-1: Swinging Strike 0-2: Ball 1-2: Ball 2-2: Ball 3-2: Base on Balls
|
Batting: LHB Clay Hill
|
0-0: Ball 1-0: Swinging Strike 1-1: Ground out 4-3 (Groundball, 34, EV 102.5 MPH)
|
Top of the 1st over - 2 runs, 1 hit, 0 errors, 1 left on base; Eugene 2 - Tucson 0 |
BOTTOM OF THE 1ST |
Tucson Toros batting - Pitching for Eugene Emeralds : RHP Armando Gutierrez
|
Pitching: RHP Armando Gutierrez
|
|
Batting: LHB Juan Bustabad
|
0-0: Ball 1-0: Ball 2-0: Ball 3-0: Base on Balls
|
Batting: SHB Rodney Scott
|
0-0: Ball 1-0: Ball 2-0: Fielders Choice at 2nd, 4-6 (Groundball, 4S, EV 81.9 MPH)
|
Batting: RHB David Holmes
|
0-0: Ball 1-0: Ball 2-0: Ball Wild Pitch! Rodney Scott to second 3-0: Base on Balls
|
Batting: LHB Pat Dodson
|
0-0: Ground out 3-1 (Groundball, 34S, EV 60.0 MPH) Rodney Scott to third David Holmes to second
|
Batting: LHB Tim Krauss
|
0-0: SINGLE (Groundball, 4S, EV 65.0 MPH) (infield hit) Rodney Scott scores David Holmes to third
|
Batting: LHB Danny Garcia
|
0-0: Ball 1-0: Called Strike 1-1: Foul Ball, location: 2F 1-2: Fly out, F8 (Flyball, 78D, EV 101.3 MPH)
|
Bottom of the 1st over - 1 run, 1 hit, 0 errors, 2 left on base; Eugene 2 - Tucson 1 |
TOP OF THE 2ND |
Eugene Emeralds batting - Pitching for Tucson Toros : RHP Rex Jackson
|
Batting: LHB Alfredo Edmead
|
0-0: Bunt missed! 0-1: Fly out, F3 (Line Drive, 3, EV 74.4 MPH)
|
Batting: LHB Terry Lee
|
0-0: Ball 1-0: Called Strike 1-1: Swinging Strike 1-2: Strikes out looking
|
Batting: RHB Alan McDonald
|
0-0: Ball 1-0: Ball 2-0: Ground out 4-3 (Groundball, 4, EV 104.4 MPH)
|
Top of the 2nd over - 0 runs, 0 hits, 0 errors, 0 left on base; Eugene 2 - Tucson 1 |
BOTTOM OF THE 2ND |
Tucson Toros batting - Pitching for Eugene Emeralds : RHP Armando Gutierrez
|
Batting: LHB Bruce Boisclair
|
0-0: Called Strike 0-1: SINGLE (Line Drive, 5D, EV 96.9 MPH)
|
Batting: SHB Kevin King
|
0-0: Ball 1-0: Ball 2-0: Ball 3-0: Called Strike 3-1: Base on Balls Bruce Boisclair to second
|
Batting: RHB Lee Muszynski
|
0-0: Called Strike 0-1: SINGLE (Line Drive, 9LS, EV 89.4 MPH) Bruce Boisclair to third Kevin King to second
|
Batting: LHB Juan Bustabad
|
0-0: Ball 1-0: Called Strike 1-1: Called Strike 1-2: Ball 2-2: Ball 3-2: Base on Balls Bruce Boisclair scores Kevin King to third Lee Muszynski to second
|
Batting: SHB Rodney Scott
|
0-0: Called Strike 0-1: Ball 1-1: Swinging Strike 1-2: Strikes out swinging
|
Batting: RHB David Holmes
|
0-0: Swinging Strike 0-1: Foul Ball, location: 2F 0-2: Ball 1-2: Ball 2-2: Ball 3-2: Foul Ball, location: 2F 3-2: Fly out, F8 (Flyball, 8RM, EV 91.9 MPH) Runner from 3rd tags up, OUT at HOME! 8-2
|
Bottom of the 2nd over - 1 run, 2 hits, 0 errors, 2 left on base; Eugene 2 - Tucson 2 |
TOP OF THE 3RD |
Eugene Emeralds batting - Pitching for Tucson Toros : RHP Rex Jackson
|
Batting: LHB James Peters
|
0-0: Called Strike 0-1: Foul Ball, location: 2F 0-2: Ball 1-2: Strikes out looking
|
Batting: LHB Randy Bush
|
0-0: Ball 1-0: Ball 2-0: Ground out U3 (Groundball, 34S, EV 72.5 MPH)
|
Batting: LHB Ty Gainey
|
0-0: Called Strike 0-1: Ground out 4-3 (Groundball, 4D, EV 85.6 MPH)
|
Top of the 3rd over - 0 runs, 0 hits, 0 errors, 0 left on base; Eugene 2 - Tucson 2 |
BOTTOM OF THE 3RD |
Tucson Toros batting - Pitching for Eugene Emeralds : RHP Armando Gutierrez
|
Batting: LHB Pat Dodson
|
0-0: Ball 1-0: Ball 2-0: Foul Ball, location: 2F 2-1: Ball 3-1: Base on Balls
|
Batting: LHB Tim Krauss
|
0-0: Ball 1-0: Ball 2-0: Ball 3-0: Base on Balls Pat Dodson to second
|
Batting: LHB Danny Garcia
|
0-0: Ball 1-0: Ball 2-0: Called Strike 2-1: Foul Ball, location: 2F 2-2: Fly out, F8 (Flyball, 8LM, EV 89.4 MPH)
|
Batting: LHB Bruce Boisclair
|
0-0: Fielders Choice at 2nd, 3-6 (Groundball, 34S, EV 85.0 MPH) Pat Dodson to third
|
Batting: SHB Kevin King
|
0-0: Ball 1-0: Called Strike 1-1: Ball 2-1: Ball 3-1: Base on Balls Bruce Boisclair to second
|
Batting: RHB Lee Muszynski
|
0-0: Ball 1-0: Called Strike 1-1: Fly out, F7 (Flyball, 7LM, EV 86.9 MPH)
|
Bottom of the 3rd over - 0 runs, 0 hits, 0 errors, 3 left on base; Eugene 2 - Tucson 2 |
TOP OF THE 4TH |
Eugene Emeralds batting - Pitching for Tucson Toros : RHP Rex Jackson
|
Batting: LHB Dave Revering
|
0-0: Called Strike 0-1: Ball 1-1: Ball 2-1: Ground out 1-3 (Groundball, 13S, EV 74.4 MPH)
|
Batting: RHB Tim Wallach
|
0-0: Fly out, F7 (Flyball, 78M, EV 92.5 MPH)
|
Batting: LHB Clay Hill
|
0-0: Called Strike 0-1: Fly out, F8 (Line Drive, 8LD, EV 90.6 MPH)
|
Top of the 4th over - 0 runs, 0 hits, 0 errors, 0 left on base; Eugene 2 - Tucson 2 |
BOTTOM OF THE 4TH |
Tucson Toros batting - Pitching for Eugene Emeralds : RHP Armando Gutierrez
|
Batting: LHB Juan Bustabad
|
0-0: Ball 1-0: Ball 2-0: Ball 3-0: Called Strike 3-1: Foul Ball, location: 2F 3-2: Fly out, F8 (Flyball, 8LM, EV 89.4 MPH)
|
Batting: SHB Rodney Scott
|
0-0: Called Strike 0-1: Ball 1-1: Swinging Strike 1-2: Foul Ball, location: 2F 1-2: Ball 2-2: Strikes out swinging
|
Batting: RHB David Holmes
|
0-0: SINGLE (Groundball, 6D, EV 98.1 MPH)
|
Batting: LHB Pat Dodson
|
0-0: Ball 1-0: Fly out, F9 (Line Drive, 9, EV 85.0 MPH)
|
Bottom of the 4th over - 0 runs, 1 hit, 0 errors, 1 left on base; Eugene 2 - Tucson 2 |
TOP OF THE 5TH |
Eugene Emeralds batting - Pitching for Tucson Toros : RHP Rex Jackson
|
Batting: LHB Alfredo Edmead
|
0-0: Ball 1-0: Fly out, F8 (Flyball, 8LS, EV 80.6 MPH)
|
Batting: LHB Terry Lee
|
0-0: Called Strike 0-1: Ball 1-1: Swinging Strike 1-2: Ball 2-2: Foul Ball, location: 2F 2-2: Foul Ball, location: 2F 2-2: Ball 3-2: Strikes out swinging passed ball, reaches first!
|
Batting: RHB Alan McDonald
|
0-0: Called Strike 0-1: Ball 1-1: Swinging Strike 1-2: Foul Ball, location: 2F 1-2: Strikes out looking
|
Batting: LHB James Peters
|
0-0: Ball 1-0: Fly out, F8 (Line Drive, 8LD, EV 93.1 MPH)
|
Top of the 5th over - 0 runs, 0 hits, 0 errors, 1 left on base; Eugene 2 - Tucson 2 |
BOTTOM OF THE 5TH |
Tucson Toros batting - Pitching for Eugene Emeralds : RHP Armando Gutierrez
|
Batting: LHB Tim Krauss
|
0-0: Ball 1-0: Called Strike 1-1: Ball 2-1: Foul Ball, location: 2F 2-2: Ball 3-2: Base on Balls
|
Batting: LHB Danny Garcia
|
0-0: Ball 1-0: Ball 2-0: Called Strike 2-1: Fielders Choice at 2nd, 4-6 (Groundball, 4, EV 84.4 MPH)
|
Batting: LHB Bruce Boisclair
|
0-0: Ball 1-0: Called Strike 1-1: Ball 2-1: Swinging Strike 2-2: Ball 3-2: Strikes out swinging
|
Batting: SHB Kevin King
|
0-0: Ball 1-0: Called Strike 1-1: Ball 2-1: Ball 3-1: Base on Balls Danny Garcia to second
|
Batting: RHB Lee Muszynski
|
0-0: Called Strike 0-1: Called Strike 0-2: SINGLE (Groundball, 56D, EV 99.4 MPH) Danny Garcia to third Kevin King to second Runner from 3rd tries for Home, SAFE, throw by LF to home
|
Batting: LHB Juan Bustabad
|
0-0: Called Strike 0-1: Swinging Strike 0-2: Ground out U3 (Groundball, 3L, EV 83.8 MPH)
|
Bottom of the 5th over - 1 run, 1 hit, 0 errors, 2 left on base; Eugene 2 - Tucson 3 |
TOP OF THE 6TH |
Eugene Emeralds batting - Pitching for Tucson Toros : RHP Rex Jackson
|
Batting: LHB Randy Bush
|
0-0: Ball 1-0: Called Strike 1-1: Fly out, F8 (Line Drive, 8LM, EV 101.3 MPH)
|
Batting: LHB Ty Gainey
|
0-0: Called Strike 0-1: Called Strike 0-2: Foul Ball, location: 2F 0-2: Foul Ball, location: 2F 0-2: Ball 1-2: Ground out U3 (Groundball, 3S, EV 62.5 MPH)
|
Batting: LHB Dave Revering
|
0-0: Foul Ball, location: 2F 0-1: SINGLE (Line Drive, 78S, EV 110.0 MPH)
|
Batting: RHB Tim Wallach
|
0-0: Called Strike 0-1: Ground out 5-3 (Groundball, 15, EV 85.0 MPH)
|
Top of the 6th over - 0 runs, 1 hit, 0 errors, 1 left on base; Eugene 2 - Tucson 3 |
BOTTOM OF THE 6TH |
Tucson Toros batting - Pitching for Eugene Emeralds : RHP Armando Gutierrez
|
Batting: SHB Rodney Scott
|
0-0: Swinging Strike 0-1: Ball 1-1: Ball 2-1: Foul Ball, location: 2F 2-2: Ground out 5-3 (Groundball, 56, EV 106.3 MPH)
|
Batting: RHB David Holmes
|
0-0: Ball 1-0: Foul Ball, location: 2F 1-1: Called Strike 1-2: Strikes out swinging
|
Batting: LHB Pat Dodson
|
0-0: DOUBLE (Line Drive, 9LM, EV 100.6 MPH)
|
Batting: LHB Tim Krauss
|
0-0: Ball 1-0: Called Strike 1-1: Ball 2-1: Foul Ball, location: 2F 2-2: Ground out U3 (Groundball, 34, EV 106.3 MPH)
|
Bottom of the 6th over - 0 runs, 1 hit, 0 errors, 1 left on base; Eugene 2 - Tucson 3 |
TOP OF THE 7TH |
Eugene Emeralds batting - Pitching for Tucson Toros : RHP Rex Jackson
|
Batting: LHB Clay Hill
|
0-0: Called Strike 0-1: Ball 1-1: Ball 2-1: DOUBLE (Line Drive, 89D, EV 107.5 MPH)
|
Pinch Hitting: LHB Terry Bogener
|
0-0: Foul Ball, location: 2F 0-1: Hit by Pitch
|
Pinch Hitting: LHB Rick Lancellotti
|
0-0: Fielders Choice at 2nd, 1-6 (Groundball, 34S, EV 68.8 MPH) Clay Hill to third
|
Batting: RHB Alan McDonald
|
0-0: Called Strike 0-1: Fly out, F2 (Popup, 3SF, EV 75.6 MPH)
|
Batting: LHB James Peters
|
0-0: Ball 1-0: Ball 2-0: Called Strike 2-1: Foul Ball, location: 2F 2-2: Ball 3-2: Foul Ball, location: 2F 3-2: Fly out, F8 (Line Drive, 8RM, EV 92.5 MPH)
|
Top of the 7th over - 0 runs, 1 hit, 0 errors, 2 left on base; Eugene 2 - Tucson 3 |
BOTTOM OF THE 7TH |
Tucson Toros batting - Pitching for Eugene Emeralds : RHP Armando Gutierrez
|
Now at SS: Bill Salazar
|
|
Now in CF: Rick Lancellotti
|
|
Batting: LHB Danny Garcia
|
0-0: Ball 1-0: Called Strike 1-1: Ground out 3-1 (Groundball, 34, EV 87.5 MPH)
|
Batting: LHB Bruce Boisclair
|
0-0: Called Strike 0-1: Fly out, F8 (Flyball, 8LD, EV 90.0 MPH)
|
Batting: SHB Kevin King
|
0-0: SINGLE (Groundball, 4D, EV 110.6 MPH)
|
Batting: RHB Lee Muszynski
|
0-0: Ball 1-0: Called Strike 1-1: Ground out 4-3 (Groundball, 34, EV 83.8 MPH)
|
Bottom of the 7th over - 0 runs, 1 hit, 0 errors, 1 left on base; Eugene 2 - Tucson 3 |
TOP OF THE 8TH |
Eugene Emeralds batting - Pitching for Tucson Toros : RHP Rex Jackson
|
Batting: LHB Randy Bush
|
0-0: Ball 1-0: Ground out 6-3 (Groundball, 4M, EV 83.1 MPH)
|
Batting: LHB Ty Gainey
|
0-0: Called Strike 0-1: Foul Ball, location: 2F 0-2: SINGLE (Groundball, 6M, EV 86.3 MPH) (infield hit)
|
Pitching: RHP Eddie Garcia
|
|
Batting: LHB Dave Revering
|
0-0: Called Strike 0-1: Foul Ball, location: 2F 0-2: Ball 1-2: Ball 2-2: SINGLE (Flyball, 6D, EV 92.5 MPH) Ty Gainey to second
|
Batting: RHB Tim Wallach
|
0-0: Ball 1-0: Foul Ball, location: 2F 1-1: Grounds into double play, 5-4-3 (Groundball, 56S, EV 89.4 MPH)
|
Top of the 8th over - 0 runs, 2 hits, 0 errors, 1 left on base; Eugene 2 - Tucson 3 |
BOTTOM OF THE 8TH |
Tucson Toros batting - Pitching for Eugene Emeralds : RHP Armando Gutierrez
|
Batting: LHB Juan Bustabad
|
0-0: Swinging Strike 0-1: Foul Ball, location: 2F 0-2: Ball 1-2: Ball 2-2: SINGLE (Groundball, 15S, EV 67.5 MPH) (infield hit)
|
Batting: SHB Rodney Scott
|
0-0: Ball 1-0: Swinging Strike 1-1: Fielders Choice at 2nd, 4-6 (Groundball, 34, EV 91.9 MPH)
|
Batting: RHB David Holmes
|
0-0: Called Strike 0-1: Grounds into double play, 6-4-3 (Groundball, 6, EV 100.6 MPH)
|
Bottom of the 8th over - 0 runs, 1 hit, 0 errors, 0 left on base; Eugene 2 - Tucson 3 |
TOP OF THE 9TH |
Eugene Emeralds batting - Pitching for Tucson Toros : RHP Eddie Garcia
|
Pitching: RHP Mike Morgan
|
|
Batting: LHB Clay Hill
|
0-0: Ball 1-0: Ball 2-0: Ball 3-0: Called Strike 3-1: Base on Balls
|
Batting: RHB Bill Salazar
|
0-0: Bunt missed! 0-1: Ball 1-1: Sac Bunt to 5S - play at first, batter OUT! 5-4 Clay Hill to second
|
Batting: LHB Rick Lancellotti
|
0-0: Called Strike 0-1: Ball 1-1: Ball 2-1: Foul Ball, location: 2F 2-2: Strikes out swinging
|
Batting: RHB Alan McDonald
|
0-0: Ground out 4-3 (Groundball, 34, EV 96.3 MPH)
|
Top of the 9th over - 0 runs, 0 hits, 0 errors, 1 left on base; Eugene 2 - Tucson 3 |
|